 Dungeon Crawl Stone Soup version 0.31.0-12-g77e489cdc1 (webtiles) character file.

Game seed: 12989796292189877495

539 NotreDorf the Grave Robber (level 7, -5/54 HPs)
             Began as a Mummy Necromancer on Feb 18, 2024.
             Slain by Eustachio
             ... wielding a +0 rapier
              (8 damage)
             ... on level 4 of the Dungeon.
             The game lasted 00:12:13 (2881 turns).

NotreDorf the Grave Robber (Mummy Necromancer)      Turns: 2881, Time: 00:12:15

Health: -5/54      AC:  4    Str: 11    XL:     7   Next: 5%
Magic:  5/15       EV: 12    Int: 17    God:
Gold:   140        SH:  0    Dex: 12    Spells: 13/17 levels left

rFire   x . .        j - +0 morningstar
rCold   + . .        (no shield)
rNeg    + + +        a - +0 robe
rPois   ∞            k - +0 helmet
rElec   .            (no cloak)
rCorr   .            (no gloves)
SInv    .            f - +0 pair of boots
Will    .....        (no amulet)
Stlth   ++           (no ring)
HPRegen 0.29/turn    (no ring)
MPRegen 0.14/turn

%: faith
@: no status effects
A: cold resistance 1, negative energy resistance 3, torment resistance 2, heat
vulnerability 1, in touch with death 1, no potions, faith
a: no special abilities


You were on level 4 of the Dungeon.
You visited 1 branch of the dungeon, and saw 4 of its levels.

You collected 140 gold pieces.

Inventory:

Hand Weapons
 e - a +1 dagger of pain
 j - a +0 morningstar (weapon)
Armour
 a - a +0 robe (worn)
 f - a +0 pair of boots (worn)
 h - a +0 kite shield
 k - a +0 helmet (worn)
Jewellery
 d - a ring of flight
Wands
 m - a wand of flame (8)
Scrolls
 b - 2 scrolls of immolation
 c - 4 scrolls of teleportation
 g - a scroll of torment
 i - a scroll of butterflies
 l - a scroll of amnesia {unknown}


   Skills:
 + Level 4.1 Fighting
 - Level 1.5 Dodging
 - Level 1.5 Stealth
 + Level 5.7 Spellcasting
 + Level 5.8 Necromancy


You had 13 spell levels left.
You knew the following spells:

 Your Spells              Type           Power      Damage    Failure   Level
a - Necrotise             Necr           100%       1d9       1%          1
b - Vampiric Draining     Necr           37%        2d8       3%          3

Your spell library contained the following spells:

 Spells                   Type           Power      Damage    Failure   Level
 Animate Dead             Necr           37%        N/A       12%         4
 Curse of Agony           Necr           37%        N/A       32%         5


Dungeon Overview and Level Annotations

Branches:
Dungeon (4/15)
 Temple: D:4-7

Altars:
Xom

Shops:
D:1 *

Annotations:
D:4 Eustachio


Innate Abilities, Weirdness & Mutations

You are immune to poison.
Your flesh is cold resistant. (rC+)
You are immune to negative energy. (rN+++)
You are immune to unholy pain and torment.
You are vulnerable to heat. (rF-)
You are in touch with the powers of death.
You do not drink.
You have a special connection with the divine. (Faith)


Message History

Your ogre skeleton hits Eustachio!
You closely miss the bat. The bat closely misses you.
The bat hits your ogre skeleton. x2
Eustachio hits your ogre skeleton with a +0 rapier.
The river rat bites you.
* * * LOW HITPOINT WARNING * * *
Your ogre skeleton misses the bat.
The river rat barely misses you.
Eustachio hits your ogre skeleton with a +0 rapier!
Casting: Necrotise (safe; 1% risk of failure)
Confirm with . or Enter, or press ? or * to list all spells.
Aiming: Necrotise (safe; 1% risk of failure)
Press: ? - help, Shift-Dir - straight line, f/p - Eustachio
Aim: Eustachio, wielding a +0 rapier and wearing a +0 leather armour (moderately wounded, chance to affect: 83%)
You feel a surge of power!
The river rat writhes in agony.
The bat closely misses you. The river rat bites you.
* * * LOW HITPOINT WARNING * * *
The river rat bites your ogre skeleton!
Eustachio hits your ogre skeleton with a +0 rapier!
Your ogre skeleton is destroyed!
You sock the river rat!
You kill the river rat!
The river rat's corpse disappears in a puff of smoke!
The bat misses you.
Eustachio says, "Summoning is fun!"
You closely miss the bat. The bat hits you but does no damage.
The crimson imp blinks!
The river rat bites you but does no damage.
Eustachio gestures wildly while chanting.
The crimson imp grinds its teeth.
The river rat bites you.
* * * LOW HITPOINT WARNING * * *
Eustachio gestures wildly while chanting.
Eustachio blinks!
You closely miss Eustachio.
Eustachio is moderately wounded.
The bat closely misses you. The bat hits you.
* * * LOW HITPOINT WARNING * * *
The bat hits you but does no damage. Eustachio hits you with a +0 rapier!
You die...
Eustachio twirls his moustache.

....# .# .# ......#
#.##.###.
.......####.#......
......... ......... ..
........###.#....#....
........#........#....
..?.....=........#....
.....b.)@........>....
....§.b@...<............
......r##........##.#..#
..5.... #........##.#.##
....... ###.#...###.#.#.
......# #.#.#..##.....
.....# #..(##.##.....
##### #.............
##.####.......
#......#####.


You could see Eustachio, a crimson imp (summoned), a river rat (summoned) and 2
bats.

Vanquished Creatures
  A black bear (D:4)
  2 ogres (D:4)
  A bombardier beetle (D:4)
  A hound (D:4)
  An orc priest (D:4)
  A gnoll (D:1)
  8 adders
  3 dart slugs (D:1)
  5 orcs
  3 ball pythons
  4 bats
  7 endoplasms
  7 giant cockroaches
  3 goblins
  2 hobgoblins (D:2)
  5 jackals (D:1)
  7 kobolds
  5 quokkas
  4 frilled lizards
  3 rats
73 creatures vanquished.

Vanquished Creatures (collateral kills)
  An adder (D:3)
  A ball python (D:2)
  An endoplasm (D:1)
  A goblin (D:2)
  A hobgoblin (D:4)
  A jackal (D:1)
  2 quokkas (D:2)
  A kobold (D:2)
  A rat (D:3)
10 creatures vanquished.

Grand Total: 83 creatures vanquished

Notes
Turn   | Place    | Note
-------+----------+-------------------------------------------
     0 | D:1      | NotreDorf the Mummy Necromancer began the quest for the
                  | Orb.
     0 | D:1      | Reached XP level 1. HP: 13/13 MP: 4/4
   210 | D:1      | Reached skill level 1 in Fighting
   210 | D:1      | Reached XP level 2. HP: 21/21 MP: 0/6
   347 | D:1      | Found a faded altar of an unknown god.
   362 | D:1      | Found Ziut's General Store.
   367 | D:1      | Reached XP level 3. HP: 26/26 MP: 3/7
   868 | D:1      | Learned a level 3 spell: Vampiric Draining
   957 | D:2      | Reached XP level 4. HP: 25/33 MP: 1/9
  2026 | D:3      | Reached XP level 5. HP: 38/39 MP: 5/11
  2029 | D:3      | Found a shimmering altar of Xom.
  2456 | D:4      | Reached skill level 5 in Necromancy
  2505 | D:4      | Noticed an ogre
  2514 | D:4      | Killed an ogre
  2515 | D:4      | Reached XP level 6. HP: 10/47 MP: 6/13
  2636 | D:4      | Reached skill level 5 in Spellcasting
  2863 | D:4      | Noticed Eustachio
  2871 | D:4      | Reached XP level 7. HP: 14/54 MP: 7/15
  2881 | D:4      | Slain by Eustachio

Illustrated notes

Levels and vault maps discovered:
D:1:      dpeg_arrival_triangle_fractal, layout_basic, serial_shops,
          shop_statue, shapermc_ecumenical_altar_totnotflames,
          hangedman_abyss_or_decor_stabs, minmay_misc_feat_four_crosses
D:2:      layout_rooms, serial_forest, infiniplex_forest_lined_room_2,
          infiniplex_forest_diagonal, infiniplex_forest_join,
          infiniplex_forest_end_1, infiniplex_forest_straight_5, minivault_4,
          minmay_misc_feat_rugged, minmay_tromino_i4
D:3:      layout_basic, xom_teletrap_fun
D:4:      layout_rooms, ebering_ghost_reflecting_pool, skrybe_limestone_x,
          uniq_eustachio, uniq_edmund

Skill      XL: |  1  2  3  4  5  6 |
---------------+-------------------+-----
Spellcasting   | 3 4 5 |  5.7
Fighting       | 1 2 3 4 |  4.1
Necromancy     | 5 |  5.8
Dodging        | |  1.5
Stealth        | |  1.5

Action                     |  1- 3 |  4- 6 |  7- 9 || total
---------------------------+-------+-------+-------++-------
  Melee: Unarmed           |     8 |       |       ||     8
         Whip              |     3 |       |       ||     3
         Dagger            |    10 |    11 |       ||    21
         Morningstar       |       |    21 |     5 ||    26
         Punch             |       |     1 |       ||     1
   Cast: Necrotise         |    45 |    82 |     4 ||   131
    Use: Scroll            |       |     4 |       ||     4
   Stab: Distracted        |     1 |       |       ||     1
 Armour: Robe              |    10 |    42 |     8 ||    60
  Dodge: Dodged            |    24 |    45 |     9 ||    78
